Map: 2000 Atmospheres LE

Players

Reynor

  • Race: Zerg Zerg

MarineLorD - Winner!

  • Race: Terran Terran
  • League: Master

Event: DreamHack SC2 Masters 2021 Winter

VOD

Have the link to the VOD?

Description

Time

  • Played on: Oct. 12, 2021, 1:59 p.m.
  • Length: 10:17

All games in this series

Show
View Real Time Build Order
Export as new Build Order

Reynor Zerg 

Build Orders: Hatch First 

Get SALT Encoding   

  12  0:00  Drone  
  13  0:12  Overlord  
  13  0:16  Drone  
  14  0:30  Drone x2  
  16  0:47  Hatchery  
  15  0:50  Drone  
  15  0:54  Drone  
  17  0:57  Drone  
  18  1:07  Extractor  
  17  1:12  Spawning Pool  
  17  1:15  Drone  
  17  1:19  Drone  
  18  1:27  Drone  
  19  1:38  Drone  
  20  1:48  Overlord  
  20  1:59  Queen x2  
  20  2:01  Zergling x4  
  26  2:10  Drone x2  
  28  2:21  Drone x2  
  30  2:33  Overlord  
  30  2:34  Drone  
  30  2:35  Queen  
  33  2:39  Metabolic Boost  
  33  2:41  Queen  
  35  2:47  Overlord  
  35  2:48  Drone  
  36  2:58  Drone x2  
  36  3:03  Hatchery  
  37  3:05  Drone  
  37  3:08  Drone  
  37  3:10  Drone  
  39  3:13  Drone  
  39  3:15  Drone  
  41  3:22  Queen  
  41  3:24  Drone x2  
  45  3:28  Overlord  
  45  3:29  Drone  
  46  3:35  Queen  
  46  3:37  Drone  
  46  3:39  Drone  
  50  3:45  Drone x2  
  52  3:54  Drone, Baneling Nest, Overlord  
  52  3:55  Drone x2  
  54  3:56  Drone  
  54  3:57  Drone  
  54  4:00  Zergling x2  
  57  4:06  Overlord  
  57  4:12  Extractor  
  57  4:13  Drone x2  
  57  4:14  Queen  
  57  4:15  Queen  
  62  4:20  Drone x2  
  64  4:24  Drone x2  
  64  4:25  Drone  
  64  4:28  Zergling x6  
  70  4:32  Drone x2  
  70  4:36  Evolution Chamber  
  70  4:37  Overlord  
  71  4:39  Zergling x2  
  67  4:54  Drone x5  
  67  4:55  Drone  
  67  4:57  Drone  
  68  5:01  Drone x2  
  70  5:08  Lair  
  70  5:11  Drone x3  
  70  5:13  Drone  
  74  5:15  Drone x2  
  77  5:21  Zergling x4  
  77  5:22  Drone x2  
  77  5:25  Overlord  
  77  5:28  Overlord  
  80  5:30  Drone x2  
  80  5:34  Overlord  
  82  5:39  Extractor  
  82  5:40  Drone x2, Extractor  
  82  5:45  Drone x5  
  82  5:47  Drone x2  
  82  5:48  Extractor, Overlord  
  82  5:49  Extractor  
  87  5:51  Drone  
  87  5:53  Drone  
  88  5:59  Drone  
  88  6:01  Drone  
  90  6:08  Spire, Centrifugal Hooks  
  90  6:09  Hatchery  
  90  6:10  Drone  
  89  6:11  Drone x2  
  89  6:12  Spore Crawler  
  89  6:14  Drone  
  89  6:18  Zergling x10  
  96  6:20  Drone x2  
  96  6:25  Overlord  
  98  6:30  Zergling x10  
  103  6:38  Overlord  
  103  6:42  Evolution Chamber  
  103  6:44  Evolution Chamber  
  101  6:50  Overlord  
  101  6:51  Drone x6  
  101  6:52  Drone x2  
  109  7:06  Overlord  
  109  7:07  Spore Crawler  
  108  7:10  Baneling x7  
  107  7:21  Mutalisk x9  
  125  7:23  Zergling x10  
  125  7:27  Queen  
  125  7:29  Mutalisk  
  133  7:36  Baneling x6  
  133  7:37  Overlord  
  133  7:38  Zergling x6  
  133  7:40  Baneling x3  
  133  7:42  Hatchery  
  133  7:43  Overlord  
  134  7:50  Overlord x2  
  130  7:53  Zerg Flyer Weapons Level 1  
  130  7:57  Zerg Ground Armor Level 1  
  130  8:01  Zergling x2  
  130  8:02  Zergling x10  
  130  8:05  Overlord  
  136  8:09  Zerg Melee Weapons Level 1  
  136  8:10  Zergling x16  
  136  8:11  Zergling x4  
  138  8:23  Zergling x12  
  136  8:29  Baneling x11  
  136  8:34  Zergling x14  
  137  8:47  Overlord  
  137  8:50  Overlord x3  
  130  8:56  Baneling  
  130  8:57  Baneling x13  
  130  8:58  Mutalisk x3  
  134  9:04  Mutalisk  
  134  9:08  Zergling x8  
  140  9:15  Mutalisk  
  141  9:17  Zergling x2  
  141  9:18  Zergling x2  
  142  9:25  Drone  
  142  9:26  Drone x2  
  142  9:27  Zergling x4  
  147  9:35  Zergling x2  
  147  9:36  Zergling x6, Hatchery  
  150  9:42  Zergling x16  
  150  9:45  Zergling x4  
  124  9:48  Baneling x2  
  124  9:49  Baneling x2  
  124  9:51  Zergling x4  
  125  9:59  Zergling x8  
  122  10:01  Baneling  
  122  10:02  Baneling x5  
Show
View Real Time Build Order
Export as new Build Order

MarineLorD Terran - Winner!

Build Orders: Hellion Opening, Reaper Expand 

Get SALT Encoding   

  12  0:00  SCV  
  13  0:12  SCV  
  14  0:16  Supply Depot  
  14  0:24  SCV  
  15  0:38  SCV  
  15  0:40  Barracks  
  16  0:43  Refinery  
  16  0:50  SCV  
  17  1:02  SCV  
  18  1:14  SCV  
  19  1:26  Orbital Command  
  19  1:27  Reaper  
  20  1:38  Command Center  
  20  1:49  Supply Depot  
  20  1:52  SCV  
  21  1:59  Marine  
  22  2:04  SCV  
  23  2:11  Factory  
  23  2:16  SCV  
  23  2:20  Barracks Reactor  
  24  2:28  SCV  
  25  2:41  SCV  
  25  2:42  Command Center  
  25  2:51  Orbital Command  
  26  2:54  SCV  
  27  3:08  SCV  
  27  3:12  Starport, Hellion  
  30  3:14  Hellion  
  30  3:16  SCV  
  33  3:20  SCV  
  34  3:28  SCV  
  34  3:32  SCV  
  34  3:33  Hellion, Marine  
  39  3:35  Hellion  
  39  3:39  Refinery  
  39  3:40  SCV  
  42  3:44  SCV  
  42  3:48  Medivac  
  45  3:53  Barracks Tech Lab  
  45  3:55  Hellion  
  47  3:56  Orbital Command  
  47  3:57  Hellion  
  47  4:01  SCV  
  50  4:05  SCV  
  51  4:11  Marine  
  51  4:13  SCV  
  51  4:16  Stimpack  
  53  4:17  SCV  
  53  4:24  SCV  
  55  4:25  SCV  
  55  4:29  SCV  
  55  4:30  Factory Reactor  
  57  4:36  SCV, Barracks  
  57  4:37  Marine, Barracks  
  57  4:38  SCV  
  60  4:41  SCV  
  61  5:04  Engineering Bay  
  61  5:05  Refinery x2, Engineering Bay  
  61  5:07  SCV x3, Marine  
  61  5:10  Supply Depot  
  61  5:11  Supply Depot  
  61  5:12  Supply Depot  
  65  5:17  Orbital Command  
  65  5:20  SCV x2  
  67  5:22  Factory Tech Lab  
  67  5:25  Marine  
  67  5:27  Marine  
  69  5:31  Marine  
  69  5:32  SCV  
  69  5:33  Terran Infantry Weapons Level 1, Barracks x2  
  69  5:34  Supply Depot, Terran Infantry Armor Level 1  
  71  5:35  Starport Reactor  
  71  5:36  SCV  
  72  5:44  SCV  
  72  5:48  SCV, Marine x4  
  72  5:49  Marine  
  79  5:50  SCV  
  79  5:56  Combat Shield  
  80  5:58  SCV  
  80  6:00  SCV  
  80  6:01  Supply Depot  
  80  6:02  Supply Depot  
  82  6:05  SCV, Marine  
  82  6:06  Marine x2  
  82  6:10  SCV  
  87  6:12  SCV, Marine x2  
  87  6:17  SCV  
  91  6:19  Siege Tank  
  91  6:22  SCV  
  91  6:23  Marine x3  
  91  6:25  Barracks Reactor x2  
  98  6:26  SCV  
  98  6:29  SCV  
  98  6:30  Marine x2  
  102  6:38  SCV  
  102  6:39  SCV  
  104  6:40  Armory  
  104  6:41  Refinery, Marine x3  
  104  6:42  Medivac  
  104  6:43  Medivac  
  111  6:47  Supply Depot  
  111  6:48  Marine x2  
  111  6:54  SCV x2  
  115  6:59  Factory, Marine x2  
  117  7:05  Supply Depot  
  117  7:08  Marine x7  
  124  7:17  Medivac  
  125  7:25  Supply Depot  
  125  7:26  Supply Depot, Marine  
  125  7:27  Supply Depot, SCV x2, Medivac, Marine x6  
  130  7:34  Marine x2  
  131  7:44  Marine x3  
  131  7:45  Marine x3  
  131  7:47  Missile Turret, Marine  
  131  7:48  Factory Reactor  
  131  7:50  Siege Tank  
  131  7:51  Marine  
  131  7:52  Terran Infantry Weapons Level 2, Terran Infantry Armor Level 2, Marine  
  131  7:53  Missile Turret x2  
  131  8:02  Marine x6  
  131  8:03  SCV  
  131  8:04  Marine  
  139  8:07  SCV  
  139  8:09  Marine  
  139  8:10  Marine  
  139  8:11  Medivac x2  
  144  8:20  Marine x6  
  144  8:22  Marine  
  147  8:27  Marine  
  147  8:28  Marine  
  148  8:38  Siege Tank  
  149  8:41  Supply Depot, Marine  
  149  8:42  Supply Depot x2, Marine  
  149  8:43  Marine  
  149  8:45  Command Center, Marine  
  149  8:47  Marine  
  149  8:49  Marine  
  149  8:50  Marine x3  
  149  8:54  Medivac x2  
  148  9:02  Supply Depot  
  145  9:03  SCV x2  
  145  9:04  Marine  
  145  9:05  Marine x2  
  145  9:07  Widow Mine x2  
  145  9:08  Marine x3  
  157  9:19  Supply Depot  
  157  9:21  Supply Depot, Marine x3  
  157  9:22  Supply Depot, Marine  
  157  9:23  Marine x2  
  163  9:24  Supply Depot  
  163  9:27  Widow Mine  
  163  9:29  Widow Mine  
  163  9:30  Marine x2  
  169  9:43  Marine x3  
  169  9:45  Marine  
  145  9:46  Marine x2  
  145  9:47  Marine  
  145  9:50  Marine x2  

Tags
 
Add a new tag
Caveats
  • Supply blocks, unpowered buildings, or Contaminate may cause inaccurate times.
  • Supply counts are checked every 10 seconds.